Map: Frost LE

Players

llllllllllll - Winner!

  • Race: Protoss Protoss
  • League: Diamond

chickenfeed

  • Race: Zerg Zerg
  • League: Diamond

VOD

Have the link to the VOD?

Description

Time

  • Played on: Sept. 24, 2016, 5:32 p.m.
  • Length: 18:59
Show
View Real Time Build Order
Export as new Build Order

llllllllllll Protoss - Winner!

Build Orders: 1 Gate Expand 

Get SALT Encoding   

  12  0:01  Probe (Chrono Boost)  
  13  0:11  Probe (Chrono Boost)  
  14  0:28  Pylon  
  14  0:30  Probe (Chrono Boost)  
  15  0:46  Probe (Chrono Boost)  
  16  0:51  Gateway  
  16  0:58  Probe (Chrono Boost), Assimilator  
  16  1:03  Assimilator  
  17  1:09  Probe (Chrono Boost)  
  18  1:19  Probe (Chrono Boost)  
  19  1:30  Probe (Chrono Boost)  
  20  1:40  Nexus  
  21  1:47  Probe (Chrono Boost)  
  21  1:57  Cybernetics Core  
  21  2:08  Pylon  
  21  2:13  Zealot  
  23  2:27  Probe (Chrono Boost)  
  24  2:36  Pylon  
  24  2:37  Zealot  
  24  2:38  Probe (Chrono Boost)  
  29  2:51  Mothership Core (Chrono Boost)  
  29  2:53  Probe (Chrono Boost)  
  30  3:03  Probe (Chrono Boost)  
  31  3:05  Forge  
  31  3:11  Probe (Chrono Boost)  
  32  3:14  Probe (Chrono Boost)  
  33  3:24  Stalker  
  33  3:29  Probe (Chrono Boost)  
  33  3:31  Assimilator  
  33  3:33  Assimilator  
  36  3:39  Stargate  
  36  3:45  Stargate  
  36  3:56  Stargate  
  36  3:59  Pylon  
  36  4:00  Probe (Chrono Boost)  
  36  4:01  Probe (Chrono Boost)  
  38  4:16  Photon Cannon  
  38  4:24  Photon Cannon  
  36  4:30  Gateway  
  34  4:37  Probe (Chrono Boost)  
  36  4:39  Probe (Chrono Boost)  
  36  4:48  Probe (Chrono Boost)  
  36  4:49  Pylon  
  38  4:54  Probe (Chrono Boost)  
  38  4:58  Oracle  
  41  5:04  Oracle  
  44  5:07  Oracle  
  44  5:13  Probe (Chrono Boost)  
  49  5:15  Probe (Chrono Boost)  
  49  5:21  Photon Cannon  
  49  5:34  Oracle  
  52  5:37  Pylon  
  52  5:40  Oracle  
  57  5:50  Probe (Chrono Boost)  
  57  5:51  Probe (Chrono Boost)  
  57  5:57  Pylon  
  57  6:00  Probe (Chrono Boost)  
  57  6:03  Probe (Chrono Boost)  
  59  6:06  Oracle  
  59  6:10  Oracle  
  65  6:18  Oracle  
  68  6:34  Pylon  
  68  6:39  Nexus  
  68  6:46  Photon Cannon  
  68  6:54  Phoenix  
  68  6:57  Phoenix  
  68  6:58  Phoenix  
  74  7:08  Pylon  
  74  7:16  Phoenix  
  74  7:22  Phoenix  
  76  7:23  Phoenix  
  76  7:27  Photon Cannon  
  80  7:38  Phoenix  
  79  7:47  Phoenix  
  79  7:48  Phoenix  
  79  7:50  Pylon  
  83  7:59  Phoenix  
  83  8:03  Probe (Chrono Boost)  
  86  8:10  Pylon  
  86  8:13  Probe (Chrono Boost)  
  86  8:19  Phoenix x2  
  91  8:21  Phoenix  
  93  8:44  Phoenix  
  89  9:03  Phoenix  
  89  9:07  Phoenix  
  93  9:12  Photon Cannon  
  93  9:14  Probe (Chrono Boost), Assimilator  
  93  9:15  Phoenix  
  96  9:17  Assimilator  
  96  9:25  Probe (Chrono Boost), Phoenix  
  99  9:35  Probe (Chrono Boost)  
  100  9:46  Probe (Chrono Boost)  
  102  9:54  Probe (Chrono Boost)  
  102  9:56  Photon Cannon  
  102  9:58  Photon Cannon  
  102  9:59  Gateway  
  99  10:01  Gateway  
  99  10:06  Gateway  
  99  10:08  Gateway  
  99  10:11  Photon Cannon  
  99  10:12  Gateway  
  99  10:17  Void Ray  
  99  10:23  Void Ray x2  
  109  10:55  Void Ray  
  113  11:12  Void Ray  
  117  12:58  Pylon  
  117  12:59  Pylon  
  117  13:02  Pylon  
  117  13:04  Pylon  
  117  13:10  Void Ray  
  117  13:15  Void Ray  
  117  13:17  Zealot x2, Void Ray  
  133  13:20  Zealot x3  
  139  13:45  Zealot x2  
  139  13:47  Zealot x3  
  149  14:28  Zealot  
  149  14:31  Zealot  
  148  14:44  Zealot x2  
  148  14:51  Zealot  
  146  14:53  Void Ray  
  146  14:55  Zealot  
  146  14:58  Zealot  
  134  15:08  Void Ray  
  134  15:12  Zealot x2  
  134  15:14  Void Ray  
  140  15:18  Zealot  
  136  15:22  Zealot  
  136  15:25  Zealot  
  140  15:36  Void Ray  
  140  15:39  Zealot x2  
  144  15:45  Zealot  
  144  15:49  Zealot  
  148  16:01  Nexus  
  148  16:03  Pylon  
  148  16:05  Twilight Council  
  148  16:08  Gateway  
  148  16:10  Gateway  
  148  16:12  Gateway  
  148  16:14  Pylon, Gateway  
  148  16:15  Pylon, Void Ray  
  148  16:17  Pylon  
  148  16:19  Pylon  
  148  16:20  Void Ray  
  148  16:22  Pylon  
  148  16:25  Pylon  
  156  16:26  Pylon  
  156  16:31  Void Ray  
  156  16:32  Zealot x2  
  149  17:13  Void Ray  
  149  17:15  Stalker x4  
  157  17:19  Void Ray x2  
  168  17:45  Stalker x4  
  168  17:50  Void Ray  
  179  18:01  Void Ray  
  179  18:05  Stalker x2  
  187  18:07  Stalker  
  189  18:15  Stalker x4  
Show
View Real Time Build Order
Export as new Build Order

chickenfeed Zerg 

Build Orders: Hatch First 

Get SALT Encoding   

  12  0:02  Drone  
  13  0:10  Drone  
  14  0:17  Overlord  
  14  0:36  Drone x3  
  17  0:57  Hatchery  
  17  0:58  Drone x2  
  17  1:02  Extractor  
  17  1:16  Spawning Pool  
  17  1:17  Drone  
  17  1:21  Drone  
  18  1:48  Overlord  
  18  2:05  Queen  
  20  2:14  Metabolic Boost  
  20  2:15  Zergling x2  
  21  2:16  Drone  
  22  2:23  Hatchery  
  22  2:26  Queen  
  23  2:45  Drone x3  
  23  2:50  Zergling x4  
  28  2:57  Baneling Nest  
  27  3:00  Drone  
  29  3:27  Zergling x10  
  29  3:34  Drone x3  
  36  3:35  Zergling x2, Queen  
  39  3:55  Drone  
  40  3:58  Queen  
  42  4:03  Lair  
  42  4:15  Baneling x6  
  42  4:16  Baneling  
  41  4:22  Queen  
  42  4:26  Zergling x2  
  42  4:27  Overlord  
  42  4:28  Overlord  
  36  4:43  Drone  
  36  4:44  Drone x5  
  41  4:46  Zergling x4  
  41  4:47  Zergling x2  
  41  4:52  Extractor  
  43  4:57  Queen  
  45  5:03  Drone  
  45  5:05  Drone x3  
  49  5:13  Evolution Chamber  
  48  5:27  Drone x2  
  48  5:28  Drone x2  
  51  5:34  Drone x4  
  55  5:45  Drone  
  55  5:46  Drone  
  57  5:50  Zerg Missile Weapons Level 1  
  57  5:55  Hydralisk Den  
  56  6:02  Overlord x2  
  54  6:23  Overseer  
  54  6:25  Overseer  
  53  6:26  Zergling x2  
  53  6:27  Zergling x18  
  53  6:29  Drone  
  53  6:30  Drone x2  
  53  6:31  Extractor  
  53  6:32  Drone x2  
  67  6:33  Drone x4  
  67  6:34  Extractor  
  70  6:59  Zergling x4  
  70  7:00  Zergling x4  
  74  7:03  Spore Crawler  
  74  7:06  Spore Crawler  
  74  7:07  Spore Crawler  
  74  7:08  Spore Crawler  
  70  7:09  Spore Crawler  
  55  7:16  Spore Crawler  
  55  7:17  Spore Crawler  
  53  7:32  Drone x5  
  53  7:34  Spore Crawler  
  55  7:43  Drone  
  55  7:44  Spore Crawler  
  54  7:51  Hydralisk x2  
  54  7:52  Hydralisk x2  
  56  8:11  Hydralisk, Muscular Augments  
  58  8:13  Overlord  
  58  8:14  Overlord  
  58  8:30  Spore Crawler  
  58  8:32  Drone  
  58  8:33  Drone x2  
  50  9:04  Hydralisk x3  
  56  9:18  Zergling x2  
  56  9:21  Hatchery  
  56  9:25  Hydralisk  
  56  9:27  Overlord  
  58  9:36  Hydralisk, Hatchery  
  58  10:01  Hydralisk Den  
  57  10:08  Zergling x6  
  60  10:14  Queen  
  60  10:15  Drone x2  
  60  10:18  Drone x2  
  60  10:19  Drone  
  65  10:27  Spore Crawler  
  46  10:43  Infestation Pit  
  45  10:50  Queen  
  45  10:52  Drone x2  
  45  10:55  Queen  
  51  11:00  Spore Crawler  
  51  11:01  Spore Crawler  
  48  11:05  Drone x2  
  50  11:18  Spore Crawler  
  49  11:21  Spore Crawler  
  49  11:22  Hive  
  48  11:26  Drone x2  
  48  11:27  Drone  
  48  11:30  Spore Crawler  
  49  12:05  Zergling x2  
  40  12:27  Zergling x4  
  40  12:28  Zergling x2  
  40  12:29  Queen  
  47  12:30  Zergling x4  
  47  12:33  Zergling x4  
  48  12:53  Viper  
  48  12:54  Viper  
  48  12:55  Viper x2  
  48  12:56  Hatchery  
  48  12:57  Zergling x2  
  48  12:58  Zergling x8  
  62  13:20  Spore Crawler  
  62  13:21  Spore Crawler  
  60  13:30  Overlord x2  
  60  13:31  Overlord  
  60  13:57  Drone x2  
  60  13:59  Queen  
  64  14:10  Spore Crawler x2  
  62  14:43  Hydralisk x5  
  62  14:44  Hydralisk x4  
  66  15:06  Overlord  
  66  15:07  Overlord  
  55  15:32  Hatchery  
  53  16:02  Hatchery  
  53  16:03  Spawning Pool  
  49  16:38  Extractor  
  40  16:43  Drone  
  40  16:44  Overlord x2  
  40  16:45  Overlord  
  41  17:02  Hatchery  
  40  17:15  Spore Crawler  
  40  17:22  Drone x5  
  44  17:23  Drone  
  40  17:52  Queen, Drone x2  
  40  17:55  Zergling x8  
  44  18:03  Spore Crawler  
  44  18:05  Spore Crawler x2  
  37  18:06  Spore Crawler  
Tags
 
Add a new tag
Caveats
  • Supply blocks, unpowered buildings, or Contaminate may cause inaccurate times.
  • Supply counts are checked every 10 seconds.